 Dungeon Crawl Stone Soup version 0.24.1 (webtiles) character file.

Game seed: 3200869323909534281, levelgen mode: deterministic

167 Chiseanne the Charlatan (level 5, -3/39 HPs)
             Began as a Mummy Artificer on Mar 30, 2020.
             Killed themself with a badly aimed fireball (6 damage)
             ... on level 4 of the Dungeon.
             The game lasted 00:04:13 (3053 turns).

Chiseanne the Charlatan (Mummy Artificer)           Turns: 3053, Time: 00:04:13

Health: -3/39      AC: 10    Str: 16    XL:     5   Next: 23%
Magic:  7/7        EV:  7    Int: 11    God:
Gold:   131        SH:  0    Dex: 12    Spells: 4/4 levels left

rFire    x . .     SeeInvis .   a - +0 war axe
rCold    + . .     Gourm    .   (no shield)
rNeg     + + +     Faith    .   h - -2 storm dragon scales (curse)
rPois    ∞         Spirit   .   (no helmet)
rElec    +         Reflect  .   (no cloak)
rCorr    .         Harm     .   l - +1 pair of gloves
MR       .....                  (no boots)
Stlth    ..........             (no amulet)
HPRegen  0.13/turn              (no ring)
MPRegen  0.10/turn              (no ring)

@: no status effects
A: no food or potions, fire vulnerability, cold resistance 1, negative energy
resistance 3, torment resistance, unbreathing
a: no special abilities


You were on level 4 of the Dungeon.
You were not hungry.

You visited 1 branch of the dungeon, and saw 4 of its levels.

You collected 131 gold pieces.

Inventory:

Hand Weapons
 a - a +0 war axe (weapon)
Missiles
 g - 96 stones (quivered)
 o - 22 sling bullets
 q - 21 bolts
Armour
 h - cursed -2 storm dragon scales (worn)
 l - a +1 pair of gloves (worn)
Wands
 c - a wand of flame (15)
 d - a wand of enslavement (15)
 e - a wand of random effects (11)
Scrolls
 b - 3 scrolls of teleportation
 k - a scroll of magic mapping
 m - 4 scrolls of remove curse
 n - a scroll of identify


   Skills:
 * Level 2.6 Fighting
   Level 0.7 Short Blades
 * Level 1.8 Armour
 * Level 2.5 Dodging
 - Level 0.7 Stealth
 * Level 3.2 Evocations


You had 4 spell levels left.
You didn't know any spells.
Your spell library was empty.

Dungeon Overview and Level Annotations

Branches:
Dungeon (4/15)
 Temple: D:4-7

Altars:
Qazlal
Zin


Innate Abilities, Weirdness & Mutations

You do not eat or drink.
Your flesh is vulnerable to fire.
You are immune to poison.
Your flesh is cold resistant. (rC+)
You are immune to negative energy. (rN+++)
You are immune to unholy pain and torment.
You can survive without breathing.


Message History

Evoke which item? (* to show all) (? for menu, Esc to quit)
Aiming: Random Effects
Press: ? - help, Shift-Dir - straight line Nothing appears to happen.
Something completely misses you. Something hits you but does no damage.
Evoke which item? (* to show all) (? for menu, Esc to quit)
Aiming: Random Effects
Press: ? - help, Shift-Dir - straight line Something hits you but does no damage.
Evoke which item? (* to show all) (? for menu, Esc to quit)
Aiming: Random Effects
Press: ? - help, Shift-Dir - straight line The fireball explodes!
The fireball engulfs something!
The fireball engulfs you! The fire burns you terribly!
* * * LOW HITPOINT WARNING * * *
Evoke which item? (* to show all) (? for menu, Esc to quit)
Aiming: Random Effects
Press: ? - help, Shift-Dir - straight line The fireball explodes!
The fireball engulfs you. The fire burns you terribly!
You die...

.## ...# ...
... # #.#
##. #.#
#...###.#
#..@†)###
#....###<..#
#.###
#.....#
.o....<#
#.##.....#
.. #.....#
#. #.###.# #
.. .# #. ..


There were no monsters in sight!

Vanquished Creatures
  An orc priest (D:4)
  6 adders
  3 oozes
  A dart slug (D:2)
  4 leopard geckos
  An orc (D:4)
  4 giant cockroaches (D:2)
  5 goblins
  5 hobgoblins
  11 jackals
  A quokka (D:2)
  5 bats
  A frilled lizard (D:1)
  6 kobolds
  9 rats
63 creatures vanquished.

Notes
Turn   | Place    | Note
-------+----------+-------------------------------------------
     0 | D:1      | Chiseanne the Mummy Artificer began the quest for the Orb.
     0 | D:1      | Reached XP level 1. HP: 15/15 MP: 2/2
   319 | D:1      | Reached XP level 2. HP: 21/21 MP: 3/3
   850 | D:1      | HP: 1/22 [goblin/+0 club (2)]
   856 | D:1      | Reached XP level 3. HP: 2/27 MP: 5/5
  1494 | D:2      | Reached skill level 1 in Armour
  1645 | D:2      | Reached XP level 4. HP: 7/33 MP: 6/6
  2037 | D:2      | Reached skill level 3 in Evocations
  2574 | D:3      | Found a stormy altar of Qazlal.
  2630 | D:3      | Found a glowing silver altar of Zin.
  3046 | D:4      | Reached XP level 5. HP: 32/39 MP: 7/7
  3053 | D:4      | Killed themself with a badly aimed fireball

Levels and vault maps discovered:
D:1:      dpeg_arrival_chase, layout_loops_ring, minmay_pentomino_o4
D:2:      layout_rooms, first_ration
D:3:      layout_rooms, nicolae_overflow_crystal_walls, lemuel_round_altar,
          chequers_jeans
D:4:      lemuel_castle_with_subvaults [lemuel_castle_interior_carwin_3],
          layout_loops_ring

Skill      XL: |  1  2  3  4 |
---------------+-------------+-----
Dodging        | 2 |  2.5
Armour         | 1 |  1.8
Fighting       | 2 |  2.6
Evocations     | 3 |  3.2
Short Blades   | |  0.7
Stealth        | |  0.7

Action                   |  1- 3 |  4- 6 || total
-------------------------+-------+-------++-------
Melee: Short sword       |    45 |       ||    45
       Hand axe          |    78 |    99 ||   177
       War axe           |       |     8 ||     8
Evoke: Wand              |       |     4 ||     4
  Use: Scroll            |       |     8 ||     8
Armor: Scale mail        |    51 |    74 ||   125
       Storm dragon scal |       |    10 ||    10
Dodge: Dodged            |    72 |   106 ||   178
